 Dungeon Crawl Stone Soup version 0.27.1-34-g3ba077fa99 (webtiles) character file.

Game seed: 14291963924247349714

14 daervis the Skirmisher (level 2, 0/19 HPs)
             Began as a Gargoyle Berserker on Jan 22, 2022.
             Was a Follower of Trog.
             Slain by a kobold (5 damage)
             ... on level 1 of the Dungeon.
             The game lasted 00:05:05 (843 turns).

daervis the Skirmisher (Gargoyle Berserker)          Turns: 843, Time: 00:05:06

Health: 0/19       AC:  9    Str: 20    XL:     2   Next: 41%
Magic:  2/2        EV: 10    Int:  7    God:    Trog [*.....]
Gold:   24         SH:  0    Dex:  9    Spells: 1/1 levels left

rFire    . . .     SeeInvis .   g - +2 whip (flame)
rCold    . . .     Faith    .   (no shield)
rNeg     + . .     Spirit   .   d - +0 scale mail
rPois    ∞         Reflect  .   (no helmet)
rElec    +         Harm     .   (no cloak)
rCorr    .         Rampage  .   (no gloves)
Will     .....                  (no boots)
Stlth    ..........             (no amulet)
HPRegen  0.06/turn              (no ring)
MPRegen  0.08/turn              (no ring)

@: no status effects
A: sickness immunity, AC +2, negative energy resistance 1, electricity
resistance, torment resistance 1, petrification resistance
a: Renounce Religion, Berserk


You were on level 1 of the Dungeon.
You worshipped Trog.
Trog was aware of your devotion.
You visited 1 branch of the dungeon, and saw 2 of its levels.

You collected 52 gold pieces.
You spent 28 gold pieces at shops.

Inventory:

Hand Weapons
 a - a +0 hand axe
 g - a +2 whip of flaming (weapon)
Armour
 b - a +0 animal skin
 d - a +0 scale mail (worn)
Scrolls
 c - a scroll of enchant weapon {unknown}
 f - 2 scrolls of identify
Potions
 e - a potion of cancellation {unknown}
 h - a potion of curing {unknown}


   Skills:
 * Level 3.6 Fighting
 - Level 3.0 Axes
 + Level 2.3 Armour
 - Level 1.5 Dodging
 * Level 0.4 Stealth


You had one spell level left.
You didn't know any spells.
Your spell library was empty.

Dungeon Overview and Level Annotations

Branches:
Dungeon (2/15)

Altars:

Shops:
D:1 *


Innate Abilities, Weirdness & Mutations

You are immune to sickness and miasma.
Your stone body is resilient. (AC +2)
You are immune to poison.
You resist negative energy. (rN+)
You are resistant to electric shocks. (rElec)
You are resistant to unholy torment.
You are immune to petrification.


Message History

There is an open door here.
There is an entrance to Kaust's General Store here.
f - 2 scrolls of identify (gained 1) Thank you for shopping at Kaust's General Store!
You open the door. You open the door. As you open the door, it creaks loudly!
There is an open door here.
A kobold comes into view. It is wielding a +0 whip.
Found a golden potion.
Found 22 sling bullets.
You closely miss the kobold. The kobold hits you but does no damage.
You miss the kobold. The kobold hits you with a +0 whip.
You hit the kobold but do no damage. The kobold hits you but does no damage.
You closely miss the kobold. The kobold hits you but does no damage.
You closely miss the kobold. The kobold hits you with a +0 whip.
You barely miss the kobold. The kobold hits you with a +0 whip.
You barely miss the kobold. The kobold hits you with a +0 whip.
You hit the kobold but do no damage. The kobold hits you with a +0 whip.
You closely miss the kobold. The kobold hits you but does no damage.
You closely miss the kobold. The kobold barely misses you.
You barely miss the kobold. The kobold hits you but does no damage.
You closely miss the kobold. The kobold barely misses you.
You hit the kobold. You burn the kobold.
The kobold is heavily wounded.
The kobold barely misses you.
You hit the kobold but do no damage.
The kobold is heavily wounded.
The kobold hits you with a +0 whip.
* * * LOW HITPOINT WARNING * * *
You hit the kobold but do no damage.
The kobold is heavily wounded.
The kobold closely misses you.
You hit the kobold but do no damage.
The kobold is heavily wounded.
The kobold barely misses you.
You closely miss the kobold.
The kobold is heavily wounded.
The kobold hits you with a +0 whip.
You die...

#################
................#
....####....#'#.# .##.#
#....'∩'.# .##.#
######'### .##.#
#.########## ....#
#......!.... #####
##.......(..
#..@K...... #.#########
############ #.# #####
.........[.###.####...#
.>.........'......'...+
..........†###..###...#
...........# ##.#
#...###########
...........# #+#
##'#...........
...........#
#.#..)........


You could see a kobold.

Vanquished Creatures
  A dart slug (D:1)
  A ball python (D:1)
  3 endoplasms (D:1)
  A giant cockroach (D:1)
  A hobgoblin (D:1)
  2 frilled lizards (D:1)
  A kobold (D:1)
  A rat (D:1)
11 creatures vanquished.

Notes
Turn   | Place    | Note
-------+----------+-------------------------------------------
     0 | D:1      | daervis the Gargoyle Berserker began the quest for the Orb.
     0 | D:1      | Reached XP level 1. HP: 14/14 MP: 1/1
   476 | D:1      | Reached XP level 2. HP: 18/19 MP: 2/2
   816 | D:1      | Found Kaust's General Store.
   819 | D:1      | Bought a scroll of identify for 28 gold pieces
   843 | D:1      | Slain by a kobold

Illustrated notes

Levels and vault maps discovered:
D:1:      dpeg_arrival_fog, layout_basic, serial_shops,
          nicolae_shop_behind_doors
D:2:      layout_basic

Skill      XL: |  1  2 |
---------------+-------+-----
Axes           | 3 |  3.0
Fighting       | |  3.6
Armour         | |  2.3
Dodging        | |  1.5
Stealth        | |  0.4

Action                   || total
-------------------------++-------
Melee: Hand axe          ||    36
       Whip              ||    17
Invok: Berserk           ||     1
Armor: Animal skin       ||     6
       Scale mail        ||    13
Dodge: Dodged            ||    22
